 Dungeon Crawl Stone Soup version 0.28-a0-32-g8dfe7f97f6 (webtiles) character file.

Game seed: 13468545205178398401

10490 dolemite99 the Nimble (level 11, -4/89 HPs)
             Began as a Gnoll Monk on July 28, 2021.
             Was a Believer of Yredelemnul.
             Slain by an unseen horror (7 damage)
             ... on level 10 of the Dungeon.
             The game lasted 00:30:43 (14496 turns).

dolemite99 the Nimble (Gnoll Monk)                 Turns: 14496, Time: 00:30:43

Health: -4/89      AC: 12    Str: 17    XL:     11   Next: 62%
Magic:  29/29      EV: 13    Int: 11    God:    Yredelemnul [**....]
Gold:   657        SH:  5    Dex: 14    Spells: 21/22 levels left

rFire   . . .      SeeInvis .   a - +3 whip (elec)
rCold   + . .      Faith    .   o - +0 buckler
rNeg    . . .      Spirit   .   O - +0 scale mail
rPois   +          Reflect  .   (no helmet)
rElec   .          Harm     .   z - +1 cloak
rCorr   .          Rampage  .   n - +0 pair of gloves
Will    .....                   N - +0 pair of boots {Stlth+}
Stlth   ++++......              P - amulet of Butchery {RegenMP rC+ Str+4 Stlth+}
HPRegen 0.24/turn               r - ring of poison resistance
MPRegen 0.46/turn               f - ring of magical power

@: no status effects
A: fangs 1, strong nose, distributed training
a: Renounce Religion, Animate Remains, Recall Undead Slaves, Injury Mirror


You were on level 10 of the Dungeon.
You worshipped Yredelemnul.
Yredelemnul was pleased with you.
You visited 1 branch of the dungeon, and saw 10 of its levels.

You collected 704 gold pieces.
You spent 47 gold pieces at shops.

Inventory:

Hand Weapons
 a - a +3 whip of electrocution (weapon)
 b - a +1 vorpal hunting sling
 g - a +0 shortbow
 j - a +0 hunting sling
 w - a +1 falchion
 Q - a +0 short sword of venom
Missiles
 i - 140 sling bullets
 l - 203 arrows
 m - 299 stones (quivered)
 q - 27 poisoned darts
 v - 2 throwing nets
 E - 64 bolts
 I - 5 curare-tipped darts
Armour
 n - a +0 pair of gloves (worn)
 o - a +0 buckler (worn)
 u - a +2 chain mail of fire resistance
 z - a +1 cloak (worn)
 N - a +0 pair of boots of stealth (worn)
 O - a +0 scale mail (worn)
 S - a +0 kite shield
Magical Staves
 U - a staff of poison
Jewellery
 f - a ring of magical power (right hand)
 p - an amulet of guardian spirit
 r - a ring of poison resistance (left hand)
 y - a ring of see invisible
 D - a ring of ice
 P - the amulet of Butchery (around neck) {RegenMP rC+ Str+4 Stlth+}
   (You found it on level 8 of the Dungeon)

   [amulet of magic regeneration]

   It increases your rate of magic regeneration.
   Str:       It affects your strength (+4).
   rC:        It protects you from cold.
   Stlth:     It makes you more stealthy.
Wands
 h - a wand of acid (6)
 k - a wand of flame (21)
 F - a wand of iceblast (29)
 G - a wand of paralysis (8)
Scrolls
 e - a scroll of silence
 s - a scroll of teleportation
 A - a scroll of fog
Potions
 c - a potion of ambrosia
 d - a potion of flight
 t - a potion of magic
 x - a potion of attraction {unknown}
 B - a potion of haste {unknown}
 C - 2 potions of might {unknown}
 H - a potion of brilliance {unknown}
 J - 2 potions of cancellation
 K - 2 potions of berserk rage {unknown}


   Skills:
 + Level 9.3 Fighting
 + Level 6.4 Short Blades
 + Level 9.3 Long Blades
 + Level 6.4 Axes
 + Level 6.4 Maces & Flails
 + Level 6.4 Polearms
 + Level 6.4 Staves
 + Level 6.4 Slings
 + Level 6.4 Bows
 + Level 6.4 Crossbows
 + Level 6.4 Throwing
 + Level 6.4 Armour
 + Level 9.3 Dodging
 + Level 7.8 Stealth
 + Level 6.4 Shields
 + Level 6.4 Unarmed Combat
 + Level 6.4 Spellcasting
 + Level 5.3 Conjurations
 + Level 5.3 Hexes
 + Level 5.3 Summonings
 + Level 5.3 Necromancy
 + Level 5.3 Translocations
 + Level 5.3 Transmutations
 + Level 5.3 Fire Magic
 + Level 5.3 Ice Magic
 + Level 5.3 Air Magic
 + Level 5.3 Earth Magic
 + Level 5.3 Poison Magic
 + Level 7.1 Invocations
 + Level 6.4 Evocations


You had 21 spell levels left.
You knew the following spells:

 Your Spells              Type           Power      Damage    Failure   Level
a - Apportation           Tloc           30%        N/A       6%          1

Your spell library contained the following spells:

 Spells                   Type           Power      Damage    Failure   Level
 Animate Skeleton         Necr           30%        N/A       6%          1
 Corona                   Hex            16%        N/A       6%          1
 Freeze                   Ice            60%        1d8       6%          1
 Summon Small Mammal      Summ           60%        N/A       6%          1
 Dazzling Flash           Conj/Hex       30%        N/A       19%         3
 Frozen Ramparts          Ice            30%        1d5       19%         3
 Hailstorm                Conj/Ice       15%        3d5       52%         4
 Agony                    Necr           15%        N/A       86%         5
 Silence                  Hex/Air        7%         N/A       86%         5


Dungeon Overview and Level Annotations

Branches:
Dungeon (10/15)            Temple (0/1) D:7            Lair (0/6) D:10
    Orc (0/2) D:10

Altars:
Yredelemnul

Shops:
D:2 *

Annotations:
D:3 Ijyb
D:9 exclusion: downstairs


Innate Abilities, Weirdness & Mutations

You have very sharp teeth.
Your uncanny sense of smell can sniff out nearby items.
Your experience applies equally to all skills.


Message History

You swing at nothing.
You closely miss something. You bite something.
Something hits you but does no damage. You block something's attack.
You hit something. Lightning courses through something!
Something hits you but does no damage.
You swing at nothing.
You closely miss something. Something hits you. x2
You miss something. Something hits you.
You closely miss something. Something hits you but does no damage.
Something barely misses you. Something hits you but does no damage.
You hit something but do no damage. Something barely misses you.
You swing at nothing.
You swing at nothing.
Something hits you but does no damage.
You swing at nothing.
You block something's attack.
You closely miss something. You bite something.
Something hits you but does no damage.
You swing at nothing.
Something barely misses you. Something hits you but does no damage.
You hit something. Your bite misses something. Something hits you.
You closely miss something. Something hits you but does no damage.
You closely miss something. Something barely misses you.
You block something's attack.
You closely miss something. You bite something.
Something hits you but does no damage.
You swing at nothing.
You swing at nothing.
Something hits you but does no damage.
You swing at nothing.
You swing at nothing.
Something barely misses you.
You hit something. Your bite misses something. Something barely misses you.
Something hits you.
* * * LOW HITPOINT WARNING * * *
Something hits you.
* * * LOW HITPOINT WARNING * * *
You closely miss something. Something hits you!
* * * LOW HITPOINT WARNING * * *
You hit something. Lightning courses through something! Something hits you!
* * * LOW HITPOINT WARNING * * *
You swing at nothing.
Something hits you!
You die...
Your body rises from the dead as a mindless zombie.

).......###...# ..............#
..............# .............##
.............# .............#
.##..........##
.##)....###...########
...)............@....######
..............###.##......####
...##......#.......).........#
...##......#.{.#...#...#...#.#
...........#..#...#...#...#..#
..........#..#...#...#...#...####
..##......#...#...#...#...#..#...
..##....###....#...#...#...#.....
........####.....................


There were no monsters in sight!

Vanquished Creatures
  A centaur warrior (D:10)
  2 death yaks (D:9)
  Sonja (D:10)
  An orc knight (D:10)
  Joseph (D:8)
  A freezing wraith (D:9)
  Prince Ribbit (D:9)
  A flying skull (D:8)
  A shadow (D:9)
  Sigmund (D:2)
  3 yaks (D:10)
  2 wargs (D:10)
  A vampire mosquito (D:9)
  A steam dragon (D:8)
  A water moccasin (D:7)
  6 orc warriors
  An ice beast (D:2)
  2 centaurs (D:9)
  A lemure (D:4)
  3 bullfrogs
  Blork the orc (D:6)
  2 gnoll sergeants
  2 scorpions
  A water moccasin skeleton (D:5)
  9 killer bees
  A wight (D:3)
  7 howler monkeys
  A bullfrog zombie (D:7)
  2 hounds
  4 centaur zombies
  4 orc priests
  2 bullfrog skeletons
  Terence (D:2)
  An iguana (D:7)
  7 orc wizards
  A hell rat (D:10)
  A howler monkey zombie (D:6)
  7 gnolls
  4 adders
  4 river rats
  A shadow imp (D:6)
  A white imp (D:8)
  An adder skeleton (D:4)
  2 worms
  A dart slug (D:4)
  19 orcs
  4 ball pythons
  9 endoplasms
  4 giant cockroaches
  8 goblins
  10 hobgoblins
  4 jackals (D:2)
  9 kobolds
  3 quokkas
  A ball python zombie (D:3)
  6 bats
  8 frilled lizards
  A hobgoblin zombie (D:3)
  4 rats
190 creatures vanquished.

Vanquished Creatures (collateral kills)
  A death yak (D:9)
  Pikel (D:4)
  A manticore (D:7)
  Maurice (D:8)
  An unseen horror (D:7)
  Eustachio (D:4)
  Grum (D:10)
  A steam dragon (D:7)
  Menkaure (D:5)
  A water moccasin (D:7)
  3 orc warriors
  2 sky beasts (D:7)
  2 black bears (D:7)
  An ice beast (D:5)
  4 centaurs
  A necrophage (D:6)
  3 wolves (D:10)
  2 ogres
  3 lemures (D:4)
  A kobold brigand (D:6)
  A bullfrog (D:7)
  A wyvern zombie (D:5)
  A scorpion (D:4)
  A water moccasin zombie (D:5)
  3 killer bees (D:8)
  4 wights
  A bullfrog zombie (D:6)
  A hound (D:5)
  A centaur zombie (D:9)
  An orc priest (D:5)
  A centaur skeleton (D:7)
  A jelly (D:5)
  2 gnoll shamans
  An iguana (D:5)
  4 orc wizards
  A hound skeleton (D:4)
  An adder (D:5)
  9 gnolls
  A shadow imp (D:6)
  2 white imps
  2 ufetubi
  12 orcs
  An endoplasm (D:4)
  2 giant cockroaches (D:4)
  A ball python (D:3)
  5 kobolds
  A quokka skeleton (D:4)
  A rat (D:10)
95 creatures vanquished.

Vanquished Creatures (others)
  3 flying skulls (D:10)
  A vampire (D:8)
  A wight (D:7)
  2 death yak zombies (D:9)
  A death yak skeleton (D:9)
  A mummy (D:8)
  A shadow imp (D:7)
  3 centaur zombies
  A warg zombie (D:10)
  A black bear zombie (D:7)
  A yak zombie (D:10)
  2 bullfrog zombies
  2 gnoll zombies
  A hobgoblin zombie (D:3)
  2 howler monkey zombies
  A human zombie (D:8)
  2 killer bee zombies (D:9)
  2 kobold zombies (D:10)
  10 orc zombies
  2 wolf zombies (D:10)
  A plant (D:8)
41 creatures vanquished.

Grand Total: 326 creatures vanquished

Notes
Turn   | Place    | Note
-------+----------+-------------------------------------------
     0 | D:1      | dolemite99 the Gnoll Monk began the quest for the Orb.
     0 | D:1      | Reached XP level 1. HP: 23/23 MP: 1/1
    99 | D:1      | Found a faded altar of an unknown god.
   107 | D:1      | Became a worshipper of Yredelemnul the Dark
   107 | D:1      | Reached * piety under Yredelemnul
   107 | D:1      | Reached ** piety under Yredelemnul
   148 | D:1      | Reached XP level 2. HP: 29/29 MP: 2/2
   321 | D:1      | Reached *** piety under Yredelemnul
   624 | D:1      | Reached XP level 3. HP: 29/35 MP: 3/3
  1031 | D:2      | Found Douryek's Assorted Antiques.
  1042 | D:2      | Bought a scroll labelled ZEMEUF ISISK for 25 gold pieces
  1042 | D:2      | Bought a ruby potion for 22 gold pieces
  1227 | D:2      | Reached skill level 1 in Invocations
  1298 | D:2      | Noticed Terence
  1310 | D:2      | Killed Terence
  1311 | D:2      | Reached skill level 1 in Short Blades
  1311 | D:2      | Reached skill level 1 in Axes
  1311 | D:2      | Reached skill level 1 in Maces & Flails
  1311 | D:2      | Reached skill level 1 in Polearms
  1311 | D:2      | Reached skill level 1 in Staves
  1311 | D:2      | Reached skill level 1 in Slings
  1311 | D:2      | Reached skill level 1 in Bows
  1311 | D:2      | Reached skill level 1 in Crossbows
  1311 | D:2      | Reached skill level 1 in Throwing
  1311 | D:2      | Reached skill level 1 in Armour
  1311 | D:2      | Reached skill level 1 in Shields
  1311 | D:2      | Reached skill level 1 in Unarmed Combat
  1311 | D:2      | Reached skill level 1 in Spellcasting
  1311 | D:2      | Reached skill level 1 in Evocations
  1311 | D:2      | Reached XP level 4. HP: 30/41 MP: 5/5
  1533 | D:2      | Noticed Sigmund
  1553 | D:2      | Killed Sigmund
  1554 | D:2      | Reached skill level 1 in Conjurations
  1554 | D:2      | Reached skill level 1 in Hexes
  1554 | D:2      | Reached skill level 1 in Summonings
  1554 | D:2      | Reached skill level 1 in Necromancy
  1554 | D:2      | Reached skill level 1 in Translocations
  1554 | D:2      | Reached skill level 1 in Transmutations
  1554 | D:2      | Reached skill level 1 in Fire Magic
  1554 | D:2      | Reached skill level 1 in Ice Magic
  1554 | D:2      | Reached skill level 1 in Air Magic
  1554 | D:2      | Reached skill level 1 in Earth Magic
  1554 | D:2      | Reached skill level 1 in Poison Magic
  1554 | D:2      | Reached XP level 5. HP: 37/47 MP: 5/7
  1554 | D:2      | Reached XP level 6. HP: 42/53 MP: 5/8
  1948 | D:3      | Noticed Ijyb
  2049 | D:3      | Noticed an ice beast
  2064 | D:2      | Killed an ice beast
  2788 | D:3      | Received a gift from Yredelemnul (a wight)
  3400 | D:4      | Reached XP level 7. HP: 27/59 MP: 10/10
  3845 | D:4      | Received a gift from Yredelemnul (4 flying skulls)
  4034 | D:4      | Noticed Eustachio
  4041 | D:4      | Killed Eustachio
  4092 | D:4      | Noticed Pikel
  4102 | D:4      | Killed Pikel
  4103 | D:4      | Reached skill level 5 in Stealth
  4103 | D:4      | Reached XP level 8. HP: 65/67 MP: 12/12
  4470 | D:5      | Entered Level 5 of the Dungeon
  4470 | D:5      | Noticed Menkaure
  4476 | D:5      | Killed Menkaure
  4849 | D:5      | Received a gift from Yredelemnul (a mummy)
  5490 | D:6      | Noticed Blork the orc
  5495 | D:6      | Killed Blork the orc
  5936 | D:6      | Reached **** piety under Yredelemnul
  6231 | D:6      | Reached XP level 9. HP: 72/72 MP: 14/14
  6723 | D:7      | You fall into a shaft and drop 3 floors!
  6723 | D:10     | Entered Level 10 of the Dungeon
  6727 | D:10     | Noticed Grum
  6730 | D:10     | Killed Grum
  6774 | D:10     | Noticed a death yak
  6778 | D:10     | Noticed a death yak
  6778 | D:10     | Noticed a death yak
  6813 | D:8      | Noticed Joseph
  6824 | D:8      | Killed Joseph
  7398 | D:7      | Found a staircase to the Ecumenical Temple.
  7550 | D:7      | Received a gift from Yredelemnul (a wight)
  7799 | D:7      | Reached skill level 5 in Invocations
  7843 | D:7      | Noticed a manticore
  7854 | D:7      | Killed a manticore
  8051 | D:7      | Received a gift from Yredelemnul (a vampire)
  8070 | D:7      | Reached XP level 10. HP: 80/80 MP: 17/17
  8112 | D:7      | Killed an unseen horror
  8140 | D:7      | Learned a level 1 spell: Apportation
  8144 | D:7      | Learned a level 3 spell: Frozen Ramparts
  8295 | D:7      | Identified a scroll of acquirement
  8295 | D:7      | Acquired a +0 pair of boots of stealth
  8551 | D:8      | Noticed a white ugly thing
  8659 | D:8      | Noticed Maurice
  8673 | D:8      | Killed Maurice
  8674 | D:8      | Reached skill level 5 in Short Blades
  8674 | D:8      | Reached skill level 5 in Axes
  8674 | D:8      | Reached skill level 5 in Maces & Flails
  8674 | D:8      | Reached skill level 5 in Polearms
  8674 | D:8      | Reached skill level 5 in Staves
  8674 | D:8      | Reached skill level 5 in Slings
  8674 | D:8      | Reached skill level 5 in Bows
  8674 | D:8      | Reached skill level 5 in Crossbows
  8674 | D:8      | Reached skill level 5 in Throwing
  8674 | D:8      | Reached skill level 5 in Armour
  8674 | D:8      | Reached skill level 5 in Shields
  8674 | D:8      | Reached skill level 5 in Unarmed Combat
  8674 | D:8      | Reached skill level 5 in Spellcasting
  8674 | D:8      | Reached skill level 5 in Evocations
  9044 | D:8      | Identified the +4 robe of Oqudwyd {Rampage rN+++ Will-
                  | Stlth+}
  9076 | D:8      | Identified the amulet of Butchery {RegenMP rC+ Str+4
                  | Stlth+}
  9338 | D:8      | Your ally Maurice died
 10088 | D:9      | Noticed Prince Ribbit
 10101 | D:9      | HP: 4/82 [Prince Ribbit (12)]
 10101 | D:9      | Killed Prince Ribbit
 11631 | D:10     | Noticed an orc knight
 11639 | D:10     | Killed an orc knight
 11643 | D:10     | Noticed a centaur warrior
 11810 | D:9      | Killed a death yak
 11811 | D:9      | Reached XP level 11. HP: 34/87 MP: 19/19
 12254 | D:10     | Noticed a two-headed ogre
 12256 | D:10     | Noticed Sonja
 12411 | D:9      | Killed a death yak
 12445 | D:10     | Reached skill level 5 in Conjurations
 12445 | D:10     | Reached skill level 5 in Hexes
 12445 | D:10     | Reached skill level 5 in Summonings
 12445 | D:10     | Reached skill level 5 in Necromancy
 12445 | D:10     | Reached skill level 5 in Translocations
 12445 | D:10     | Reached skill level 5 in Transmutations
 12445 | D:10     | Reached skill level 5 in Fire Magic
 12445 | D:10     | Reached skill level 5 in Ice Magic
 12445 | D:10     | Reached skill level 5 in Air Magic
 12445 | D:10     | Reached skill level 5 in Earth Magic
 12445 | D:10     | Reached skill level 5 in Poison Magic
 12476 | D:9      | Killed a death yak
 12564 | D:9      | HP: 2/89 [orc warrior (4)]
 13984 | D:10     | Killed Sonja
 14077 | D:10     | Your ally Sonja died
 14103 | D:10     | Killed a centaur warrior
 14168 | D:10     | Found a staircase to the Orcish Mines.
 14384 | D:10     | Found a staircase to the Lair.
 14495 | D:10     | HP: 3/89 [something (7)]
 14496 | D:10     | Slain by an unseen horror

Illustrated notes

Levels and vault maps discovered:
D:1:      matt_arrival_los_fun, layout_basic, hellmonk_ecumenical_altar_zigzags,
          minmay_vboxes
D:2:      layout_rooms, serial_shops, shop_fountains, uniq_sigmund, uniq_terence
D:3:      layout_loops_ring, mainiacjoe_overflow_chevrons, uniq_ijyb
D:4:      layout_rooms, uniq_pikel, uniq_eustachio
D:5:      layout_basic, grunt_decor_one_mirror, st_stairs_5, uniq_menkaure
D:6:      layout_basic, minivault_25, uniq_blork_the_orc
D:7:      kennysheep_windowed_halls, layout_gridville,
          minmay_temple_entry_enclosed_plants
D:8:      layout_basic, wad_dig_loot, uniq_maurice, uniq_joseph
D:9:      layout_irregular_city, nrook_mini_vaults, uniq_prince_ribbit1
D:10:     cheibrodos_fzero, layout_cross, dpeg_lair_monsters, erik_orc_4,
          hangedman_decor_lopped, uniq_grum, uniq_sonja

Skill      XL: |  1  2  3  4  5  6  7  8  9 10 11 |
---------------+----------------------------------+-----
Invocations    | 1 2 3 4 5 6 7 |  7.1
Short Blades   | 1 2 3 4 5 6 |  6.4
Axes           | 1 2 3 4 5 6 |  6.4
Maces & Flails | 1 2 3 4 5 6 |  6.4
Polearms       | 1 2 3 4 5 6 |  6.4
Staves         | 1 2 3 4 5 6 |  6.4
Slings         | 1 2 3 4 5 6 |  6.4
Bows           | 1 2 3 4 5 6 |  6.4
Crossbows      | 1 2 3 4 5 6 |  6.4
Throwing       | 1 2 3 4 5 6 |  6.4
Armour         | 1 2 3 4 5 6 |  6.4
Shields        | 1 2 3 4 5 6 |  6.4
Unarmed Combat | 1 2 3 4 5 6 |  6.4
Spellcasting   | 1 2 3 4 5 6 |  6.4
Evocations     | 1 2 3 4 5 6 |  6.4
Conjurations   | 1 2 3 4 5 |  5.3
Hexes          | 1 2 3 4 5 |  5.3
Summonings     | 1 2 3 4 5 |  5.3
Necromancy     | 1 2 3 4 5 |  5.3
Translocations | 1 2 3 4 5 |  5.3
Transmutations | 1 2 3 4 5 |  5.3
Fire Magic     | 1 2 3 4 5 |  5.3
Ice Magic      | 1 2 3 4 5 |  5.3
Air Magic      | 1 2 3 4 5 |  5.3
Earth Magic    | 1 2 3 4 5 |  5.3
Poison Magic   | 1 2 3 4 5 |  5.3
Fighting       | 7 8 9 |  9.3
Long Blades    | 7 8 9 |  9.3
Dodging        | 7 8 9 |  9.3
Stealth        | 5 6 7 |  7.8

Action                   |  1- 3 |  4- 6 |  7- 9 | 10-12 || total
-------------------------+-------+-------+-------+-------++-------
Melee: Falchion          |    81 |    51 |     3 |     5 ||   140
       Bite              |    14 |     5 |    26 |    29 ||    74
       Whip              |       |       |   189 |   302 ||   491
 Fire: Hunting sling     |     1 |    54 |    38 |    29 ||   122
Throw: Stone             |    13 |     4 |       |     5 ||    22
       Dart              |       |    16 |     4 |    68 ||    88
Invok: Injury Mirror     |     1 |     2 |       |     8 ||    11
       Animate Dead      |     1 |     3 |    13 |    10 ||    27
       Recall Undead Sla |       |       |     6 |     4 ||    10
       Animate Remains   |       |       |       |     9 ||     9
       Drain Life        |       |       |       |     1 ||     1
Evoke: Wand              |       |       |     4 |    19 ||    23
  Use: Scroll            |     6 |     6 |     9 |    11 ||    32
       Potion            |       |       |     2 |     6 ||     8
 Stab: Sleeping          |     3 |       |       |       ||     3
       Distracted        |       |       |     1 |     1 ||     2
Armor: Robe              |     7 |       |       |       ||     7
       Chain mail        |     6 |    39 |   112 |    10 ||   167
       Ring mail         |     5 |       |       |       ||     5
       Scale mail        |       |       |       |   148 ||   148
       Skin              |       |       |       |     9 ||     9
Dodge: Dodged            |    53 |    26 |    75 |   225 ||   379
Block: Buckler           |     4 |    15 |    46 |    61 ||   126
       Kite shield       |       |       |       |    72 ||    72
       Rpst.: Falchion   |    19 |     6 |       |     1 ||    26

Table legend: (Time is in decaauts)
 A = Elapsed time spent in this place.
 B = Non-inter-level travel time spent in this place.
 C = Inter-level travel time spent in this place.
 D = Time resting spent in this place.
 E = Time spent auto-exploring this place.
 F = Levels seen in this place.
 G = Mean time per level.
                   A        B        C        D        E       F      G
               +--------+--------+--------+--------+--------+-----+--------+
         Total |  14435 |  13844 |    591 |   4214 |   6260 |  10 | 1443.5 |
       Dungeon |  14435 |  13844 |    591 |   4214 |   6260 |  10 | 1443.5 |
               +--------+--------+--------+--------+--------+-----+--------+

Top non-repeatable levels by time:
     D:9: 3617 daAuts
     D:8: 2064 daAuts
     D:7: 1344 daAuts
     D:2: 1319 daAuts
     D:4: 1193 daAuts
     D:6: 1155 daAuts
     D:3: 1057 daAuts
     D:1: 959 daAuts
     D:5: 939 daAuts
    D:10: 783 daAuts
